 Dungeon Crawl Stone Soup version 0.29-a0-323-g050149af67 (webtiles) character file.

Game seed: 8107784215547680531

7 spaghetti the Twirler (level 1, 0/16 HPs)
             Began as a Demonspawn Gladiator on Apr 10, 2022.
             Slain by a jackal (1 damage)
             ... on level 1 of the Dungeon.
             The game lasted 00:00:32 (304 turns).

spaghetti the Twirler (Demonspawn Gladiator)         Turns: 304, Time: 00:00:32

Health: 0/16       AC:  4    Str: 14    XL:     1   Next: 91%
Magic:  1/1        EV: 12    Int:  9    God:
Gold:   10         SH:  0    Dex: 14    Spells: 0/0 levels left

rFire   . . .      SeeInvis .   a - +0 quarterstaff {staff}
rCold   . . .      Faith    .   (shield currently unavailable)
rNeg    . . .      Spirit   .   b - +0 leather armour
rPois   .          Reflect  .   c - +0 helmet
rElec   .          Harm     .   (no cloak)
rCorr   .          Rampage  .   (no gloves)
Will    .....                   (no boots)
Stlth   +.........              (no amulet)
HPRegen 0.05/turn               (no ring)
MPRegen 0.07/turn               (no ring)

@: no status effects
A: no striking features
a: no special abilities


You were on level 1 of the Dungeon.
You visited 1 branch of the dungeon, and saw 1 of its levels.

You collected 10 gold pieces.


   Skills:
 - Level 2.0 Fighting
 + Level 3.2 Staves
 - Level 1.7 Throwing
 - Level 2.6 Dodging


You couldn't memorise any spells.
You didn't know any spells.
Your spell library was empty.

Inventory:

Hand Weapons
 a - a +0 quarterstaff (weapon) {staff}
Missiles
 d - 2 throwing nets (quivered) {=f!fthrowing}
 e - a javelin {throwing}
Armour
 b - a +0 leather armour (worn)
 c - a +0 helmet (worn)
Jewellery
 f - a ring of fire
   (You found it on level 1 of the Dungeon)

Dungeon Overview and Level Annotations

Branches:
Dungeon (1/15)

Altars:

# P. #......P♣♣♣.#####.PP♣.. #.
♣. #.##...)P♣♣.# #..P♣♣♣ #.♣♣.♣
#.###...P.PP## ##'#.♣♣P ...#..###
#........PP..###....P.. #......#
######.#.....##.......P ##......#
#..#..#..........P
........########...####.........♣
.....)†g.gg.Jggh......+........P.
.#......########@..####.........P
....##### #.......###.......#.
.## #.#.###.# ##.....### #.#.#
#.# ##...## # #.#.###.# ##+##
#.#..##.# #.# #.##.##.# #.#
#.##.##.# ##.##### #.##.##.#
##.......


You could see an endoplasm, a jackal, 2 hobgoblins and 2 goblins.


Message History

The jackal barely misses you.
The hobgoblin hits you but does no damage.
The jackal bites you but does no damage.
The jackal barely misses you.
You barely miss the jackal. The jackal barely misses you. x2
The jackal bites you but does no damage.
The hobgoblin hits you. The jackal misses you. The jackal bites you. 😮 HP[-2]
You take 2 damage, and now have 11/16 hp.
You hit the jackal.
The hobgoblin hits you but does no damage.
A hobgoblin comes into view.
The jackal bites you but does no damage.
The jackal misses you. The jackal barely misses you.
The hobgoblin closely misses you.
The jackal bites you but does no damage.
The jackal bites you. The jackal closely misses you.
The jackal bites you but does no damage. 😮 HP[-2]
You take 2 damage, and now have 9/16 hp.
The jackal attacks as you move away! The jackal misses you.
The jackal attacks as you move away!
The jackal bites you but does no damage. x2
The jackal barely misses you. 😮 HP[+1]
The jackal attacks as you move away!
The jackal bites you but does no damage.
You barely miss the jackal.
The jackal bites you but does no damage.
You hit the jackal. The jackal barely misses you.
The jackal completely misses you.
You hit the jackal.
The jackal bites you but does no damage.
A goblin comes into view.
It is wielding a +1 dagger of protection.
The jackal barely misses you.
The goblin shouts!
You sock the jackal!
You kill the jackal!
The jackal bites you but does no damage.
Your Staves skill increases to level 3!
You hit the jackal but do no damage. The jackal bites you.
* * * LOW HITPOINT WARNING * * *
😨 HP[-3]
You take 3 damage, and now have 7/16 hp.
You hit the jackal. The jackal bites you.
* * * LOW HITPOINT WARNING * * *
The jackal barely misses you. 😱 HP[-3]
You take 3 damage, and now have 4/16 hp.
You hit the jackal but do no damage.
The jackal bites you but does no damage.
The jackal misses you.
You closely miss the jackal. The jackal closely misses you.
An endoplasm comes into view.
The endoplasm quivers.
You hit the jackal but do no damage. The jackal closely misses you.
The jackal barely misses you.
You completely miss the jackal. The jackal barely misses you.
You aren't carrying any potions.
You sock the jackal!
You kill the jackal!
The jackal misses you.
You aren't carrying any scrolls.
Unknown command.
You hit the jackal. The jackal closely misses you. The jackal misses you.
A goblin comes into view. It is wielding a +0 dagger.
You barely miss the jackal.
The goblin shouts!
The jackal closely misses you.
You hit the jackal.
The jackal bites you but does no damage.
The jackal bites you.
* * * LOW HITPOINT WARNING * * *
😱 HP[-1]
You take 1 damage, and now have 3/16 hp.
Unknown command.
You closely miss the jackal. The jackal bites you.
* * * LOW HITPOINT WARNING * * *
😱 HP[-2]
You take 2 damage, and now have 1/16 hp.
You hit the jackal.
You kill the jackal!
The jackal bites you.
* * * LOW HITPOINT WARNING * * *
Unknown command.
You aren't carrying any items that you can evoke.
Throw: 3 throwing nets {=f!fthrowing}
Press: ? - help, Shift-Dir - straight line, f - jackal
Aim: a jackal (51% to hit)
You throw a throwing net {=f!fthrowing}.
The throwing net {=f!fthrowing} hits the jackal.
The jackal is caught in the net!
The jackal struggles against the net.
The jackal struggles against the net. x2
The jackal struggles against the net.
The net rips apart, and the jackal comes free!
You closely miss the jackal. The jackal misses you.
You barely miss the jackal. The jackal closely misses you.
The jackal bites you.
You die...

Skill      XL: |  1 |
---------------+----+-----
Staves         | 3 |  3.2
Fighting       | |  2.0
Throwing       | |  1.7
Dodging        | |  2.6

Action                   || total
-------------------------++-------
Melee: Quarterstaff      ||    26
Throw: Throwing net      ||     1
 Stab: Sleeping          ||     1
Armor: Leather armour    ||    17
Dodge: Dodged            ||    32

Levels and vault maps discovered:
D:1:      dpeg_arrival_shrine, layout_loops_corners,
          shapermc_ecumenical_altar_mp_highgroup, serial_forest,
          infiniplex_forest_lined_room_2, infiniplex_forest_diagonal,
          infiniplex_forest_lined_1, infiniplex_forest_clump_double,
          infiniplex_forest_straight_5, infiniplex_forest_clump_curved,
          infiniplex_forest_clump_double

Notes
Turn   | Place    | Note
-------+----------+-------------------------------------------
     0 | D:1      | spaghetti the Demonspawn Gladiator began the quest for the
                  | Orb.
     0 | D:1      | Reached XP level 1. HP: 16/16 MP: 1/1
     0 | D:1      | magus.rc [v1.9.6]
   284 | D:1      | Reached skill level 3 in Staves
   285 | D:1      | HP: 4/16 [jackal (3)]
   293 | D:1      | HP: 3/16 [jackal (1)]
   294 | D:1      | HP: 1/16 [jackal (2)]
   304 | D:1      | Slain by a jackal

Vanquished Creatures
  A hobgoblin (D:1)
  3 jackals (D:1)
  A frilled lizard (D:1)
  A kobold (D:1)
  A rat (D:1)
7 creatures vanquished.

Table legend:
 A = Non-vault XP
 B = Vault XP
 C = Vault XP percentage of total XP
 D = Non-vault monster count
 E = Vault monster count
 F = Vault count percentage of total count
                 A         B        C        D         E       F
            +---------+---------+-------+---------+---------+-------
      Total |      11 |       0 |   0.0 |       7 |       0 |   0.0
            +---------+---------+-------+---------+---------+-------
        D:1 |      11 |       0 |   0.0 |       7 |       0 |   0.0
            +---------+---------+-------+---------+---------+-------

Illustrated notes

Table legend:
 A = Kills in this place as a percentage of kills in entire the game.
 B = Kills by you in this place as a percentage of kills by you in the entire game.
 C = Kills by friends in this place as a percentage of kills by friends in the entire game.
 D = Other kills in this place as a percentage of other kills in the entire game.
 E = Experience gained in this place as a percentage of experience gained in the entire game.
 F = Experience gained in this place divided by the number of levels of this place that you have seen.
                   A       B       C       D       E      F
               +-------+-------+-------+-------+-------+----------------------
         Total | 100.0 | 100.0 |   N/A |   N/A | 100.0 |  11.0
       Dungeon | 100.0 | 100.0 |   N/A |   N/A | 100.0 |  11.0
               +-------+-------+-------+-------+-------+----------------------

Table legend: (Time is in decaauts)
 A = Elapsed time spent in this place.
 B = Non-inter-level travel time spent in this place.
 C = Inter-level travel time spent in this place.
 D = Time resting spent in this place.
 E = Time spent auto-exploring this place.
 F = Levels seen in this place.
 G = Mean time per level.
                   A        B        C        D        E       F      G
               +--------+--------+--------+--------+--------+-----+--------+
         Total |    308 |    308 |      0 |      0 |    254 |   1 |  308.0 |
       Dungeon |    308 |    308 |      0 |      0 |    254 |   1 |  308.0 |
               +--------+--------+--------+--------+--------+-----+--------+

Top non-repeatable levels by time:
     D:1: 308 daAuts
